 Dungeon Crawl Stone Soup version 0.29.1-2-gbd0b4ee654 (webtiles) character file.

Game seed: 11204498587909751931

214 styxcanada the Covert (level 5, -4/26 HPs)
             Began as a Spriggan Brigand on Nov 2, 2022.
             Slain by a river rat (6 damage)
             ... in a sewer.
             The game lasted 00:10:03 (3778 turns).

styxcanada the Covert (Spriggan Brigand)            Turns: 3778, Time: 00:10:03

Health: -4/26      AC:  3    Str:  7    XL:     5   Next: 60%
Magic:  6/6        EV: 17    Int: 13    God:
Gold:   143        SH:  5    Dex: 18    Spells: 4/4 levels left

rFire   . . .      SeeInvis +   a - +2 dagger
rCold   . . .      Faith    .   (no shield)
rNeg    . . .      Spirit   .   b - +0 robe
rPois   .          Reflect  +   (helmet restricted)
rElec   .          Harm     .   c - +0 cloak
rCorr   .          Rampage  .   (gloves unavailable)
Will    .....                   (boots unavailable)
Stlth   ++++......              l - amulet of reflection
HPRegen 0.08/turn               (no ring)
MPRegen 0.10/turn               (no ring)

@: very quick
A: very small, no large weapons, unfitting armour, see invisible, speed 3
a: no special abilities


You were in a sewer.
You visited 1 branch of the dungeon, and saw 3 of its levels.
You also visited: Sewer.

You collected 143 gold pieces.

Inventory:

Hand Weapons
 a - a +2 dagger (weapon)
 t - a +0 sling
Missiles
 d - 2 poisoned darts (quivered)
 e - 3 curare-tipped darts
 n - 43 stones
Armour
 b - a +0 robe (worn)
 c - a +0 cloak (worn)
Jewellery
 g - a ring of ice
 l - an amulet of reflection (around neck)
Wands
 v - a wand of roots (3)
Scrolls
 h - a scroll of amnesia
 j - 2 scrolls of blinking {unknown}
 o - a scroll of identify {unknown}
 q - a scroll of magic mapping {unknown}
 u - a scroll of poison {unknown}
 w - a scroll of vulnerability {unknown}
 x - a scroll of immolation {unknown}
 y - a scroll of enchant weapon {unknown}
 z - a scroll of teleportation {unknown}
Potions
 f - a potion of lignification {unknown}
 i - a potion of heal wounds
 k - 3 potions of magic {unknown}
 m - a potion of cancellation {unknown}
 p - a potion of flight {unknown}
 r - 2 potions of might {unknown}
 s - 2 potions of curing {unknown}


   Skills:
 * Level 2.1 Fighting
 + Level 2.8 Short Blades
 + Level 2.4 Throwing
 * Level 2.7 Dodging
 * Level 8.4 Stealth
 * Level 0.7 Shields
 * Level 1.8 Evocations


You had 4 spell levels left.
You didn't know any spells.
Your spell library was empty.

Dungeon Overview and Level Annotations

Branches:
Dungeon (3/15)              Sewer (1/1)

Altars:
Nemelex Xobeh

Shops:
D:2 [


Innate Abilities, Weirdness & Mutations

You are very small and have problems with some larger weapons.
You are too small for most types of armour.
You have supernaturally acute eyesight. (SInv)
You cover ground extremely quickly. (Speed+++)


Message History

The river rat is lightly wounded.
You hit the river rat but do no damage.
The river rat is lightly wounded.
The river rat bites you.
You hit the river rat but do no damage.
The river rat is lightly wounded.
The river rat bites you but does no damage.
You hit the river rat but do no damage. You punch the river rat.
The river rat is lightly wounded.
The river rat misses you.
You hit the river rat.
The river rat is heavily wounded.
You block the river rat's attack.
You barely miss the river rat.
The river rat is heavily wounded.
The river rat bites you.
You hit the river rat but do no damage.
The river rat is heavily wounded.
The river rat bites you.
* * * LOW HITPOINT WARNING * * *
You hit the river rat.
You kill the river rat!
You barely miss the ball python. The ball python misses you. x2
You barely miss the ball python. You punch the ball python.
The ball python is moderately wounded.
The ball python bites you but does no damage.
The ball python misses you.
You hit the ball python.
You kill the ball python!
You hit the river rat but do no damage.
The river rat is lightly wounded.
The river rat bites you.
* * * LOW HITPOINT WARNING * * *
You closely miss the river rat.
The river rat is lightly wounded.
You block the river rat's attack.
You barely miss the river rat.
The river rat is lightly wounded.
The river rat bites you.
You die...

.~~≈≈~(††...##
..r≈≈~...(..#
..~≈≈.(....##
..≈≈.......##
..~≈.....(..##
..≈~....(S(..##
..~~......†#..#
..~~....r.###r#
..~≈......# #@#
..≈~.....r. ###
.≈≈≈......
≈≈r......
≈~.....


You could see a river rat.

Vanquished Creatures
  Jessica (D:3)
  An adder (D:3)
  5 gnolls
  7 river rats
  A dart slug (D:2)
  3 orcs (D:3)
  11 ball pythons
  2 bats (D:1)
  3 endoplasms
  4 giant cockroaches
  2 goblins (D:1)
  4 hobgoblins
  5 jackals (D:1)
  3 frilled lizards
  6 kobolds
  14 rats
72 creatures vanquished.

Vanquished Creatures (others)
  A plant (D:1)
1 creature vanquished.

Grand Total: 73 creatures vanquished

Notes
Turn   | Place    | Note
-------+----------+-------------------------------------------
     0 | D:1      | styxcanada the Spriggan Brigand began the quest for the
                  | Orb.
     0 | D:1      | Reached XP level 1. HP: 10/10 MP: 2/2
    40 | D:1      | Reached skill level 6 in Stealth
   235 | D:1      | Reached XP level 2. HP: 10/14 MP: 3/3
   840 | D:1      | Reached skill level 7 in Stealth
  1372 | D:1      | Found a faded altar of an unknown god.
  1437 | D:1      | Reached XP level 3. HP: 18/18 MP: 4/4
  1970 | D:2      | Found Xiqaec's Armour Shop.
  3048 | D:3      | Found a sparkling altar of Nemelex Xobeh.
  3246 | D:3      | Reached XP level 4. HP: 23/23 MP: 5/5
  3253 | D:3      | Noticed Jessica
  3267 | D:3      | Killed Jessica
  3268 | D:3      | Reached skill level 1 in Evocations
  3272 | D:3      | Found a glowing drain.
  3290 | D:3      | Reached skill level 8 in Stealth
  3368 | D:3      | Reached XP level 5. HP: 26/26 MP: 6/6
  3415 | Sewer    | Entered a sewer
  3778 | Sewer    | Slain by a river rat

Illustrated notes

Levels and vault maps discovered:
D:1:      kennysheep_arrival_seaside, layout_loops_ring,
          shapermc_ecumenical_altar_ellora, minmay_pentomino_w4
D:2:      layout_basic, serial_shops, nicolae_shop_crystal,
          serial_co_window_serial, co_window_corner_a, co_window_cross_1,
          co_window_paths_a, co_window_of_opportunity_a, co_window_paths_b,
          co_window_corner_b, co_window_broadway_c, co_window_broadway_c,
          co_window_unsneaky_path_a, co_window_of_opportunity_b,
          co_window_of_opportunity_c, co_window_4corner_a, co_window_paths_e,
          glass_columns_b, glass_columns_b
D:3:      minmay_thinvault, layout_basic, mainiacjoe_overflow_alcove_4,
          demons_altar, mainiacjoe_overflow_boulevard, portal_sewer_entry_c,
          grunt_ministairs_14, kennysheep_decorative_pillar,
          nicolae_concentric_dashed_squares_wild, uniq_jessica
Sewer:    sewer_minmay_treatment

Skill      XL: |  1  2  3  4 |
---------------+-------------+-----
Stealth        | 6 7 8 |  8.4
Dodging        | 2 |  2.7
Fighting       | 2 |  2.1
Evocations     | 1 |  1.8
Short Blades   | |  2.8
Throwing       | |  2.4
Shields        | |  0.7

Action                   |  1- 3 |  4- 6 || total
-------------------------+-------+-------++-------
Melee: Dagger            |   107 |    84 ||   191
       Punch             |     1 |     2 ||     3
Throw: Dart              |    17 |    11 ||    28
Evoke: Wand              |       |     4 ||     4
  Use: Scroll            |     1 |       ||     1
       Potion            |       |     2 ||     2
 Stab: Sleeping          |    14 |     4 ||    18
Armor: Robe              |    10 |     6 ||    16
Dodge: Dodged            |    55 |    49 ||   104
Block: Other             |    10 |    10 ||    20
